 Dungeon Crawl Stone Soup version 0.20-a0-809-gaf7f668 (console) character file.

1310 nht the Martial Artist (level 8, 0/54 HPs)
             Began as a Merfolk Transmuter on Mar 3, 2017.
             Was an Initiate of Gozag.
             Slain by a wyvern zombie (12 damage)
             ... on level 6 of the Dungeon.
             The game lasted 00:10:01 (6403 turns).

nht the Martial Artist (Merfolk Transmuter)         Turns: 6403, Time: 00:10:01

Health: 0/54       AC:  6    Str: 10    XL:     8   Next: 58%
Magic:  17/20      EV: 14    Int: 14    God:    Gozag
Gold:   531        SH:  4    Dex: 17    Spells: 2/11 levels left

rFire    . . .     SeeInvis .     - Unarmed
rCold    . . .     Gourm    .   b - +0 robe
rNeg     . . .     Faith    .   n - +0 buckler {rPois}
rPois    +         Spirit   .   (no helmet)
rElec    +         Reflect  .   e - +0 cloak
rCorr    .         Harm     .   (no gloves)
MR       .....                  m - +2 pair of boots {Fly}
Stlth    ++........             x - amulet of regeneration
Regen    0.6/turn               (no ring)
MPRegen  0.2/turn               p - ring of magical power

@: flying, very slightly contaminated
A: change form in water, swift swim, stealthy swim, repulsion field 1, thin
skeletal structure 1, electricity resistance
a: Potion Petition, Call Merchant, Bribe Branch, Renounce Religion, Stop Flying


You were on level 6 of the Dungeon.
You worshipped Gozag.
Gozag was pleased with you.
You were hungry.

You visited 1 branch of the dungeon, and saw 6 of its levels.
You also visited: Sewer.

You collected 1003 gold pieces.
You spent 440 gold pieces at shops.
You paid 32 gold pieces to Gozag.

Inventory:

Missiles
 a - 47 arrows
Armour
 b - a +0 robe (worn)
 e - a +0 cloak (worn)
 m - a +2 pair of boots of flying (worn)
 n - a +0 buckler of poison resistance (worn)
Jewellery
 k - an uncursed amulet of rage
 p - a ring of magical power (left hand)
 x - an amulet of regeneration (around neck)
Wands
 h - a wand of enslavement (24/24)
Scrolls
 f - a scroll of teleportation
 i - 5 scrolls of identify
 j - a scroll of remove curse
 q - a scroll of magic mapping
 r - a scroll of enchant weapon
Potions
 g - 3 potions of curing
 l - a potion of agility
 o - 3 potions of heal wounds
 s - a potion of haste
 u - a potion of brilliance
 v - a potion of might
Books
 c - a book of Changes

   Spells                             Type                      Level
   a - Beastly Appendage              Transmutation                1
   b - Sticks to Snakes               Transmutation                2
   c - Spider Form                    Transmutation/Poison         3
   d - Ice Form                       Ice/Transmutation            4
   e - Blade Hands                    Transmutation                5
 t - a book of Geomancy

   Spells                             Type                      Level
   a - Sandblast                      Earth                        1
   b - Passwall                       Transmutation/Earth          2
   c - Stone Arrow                    Conjuration/Earth            3
   d - Petrify                        Transmutation/Earth          4
   e - Lee's Rapid Deconstruction     Earth                        5
 w - a book of Debilitation

   Spells                             Type                      Level
   a - Corona                         Hexes                        1
   b - Slow                           Hexes                        2
   c - Inner Flame                    Hexes/Fire                   3
   d - Portal Projectile              Hexes/Translocation          3
   e - Cause Fear                     Hexes                        4
   f - Leda's Liquefaction            Hexes/Earth                  4
Comestibles
 d - a bread ration
 z - 2 royal jellies


   Skills:
 - Level 1.1 Fighting
 - Level 2.6 Dodging
 * Level 9.7 Unarmed Combat
 - Level 2.0 Spellcasting
 + Level 8.0 Transmutations


You had 2 spell levels left.
You knew the following spells:

 Your Spells              Type           Power        Failure   Level  Hunger
a - Beastly Appendage     Tmut           ###...       1%          1    ##.....
b - Spider Form           Tmut/Pois      ##........   24%         3    ####...
c - Blade Hands           Tmut           ###.......   38%         5    ######.


Dungeon Overview and Level Annotations

Branches:
Dungeon (6/15)             Temple (0/1) D:4

Altars:
Dithmenos
Gozag
Zin
The Shining One

Shops:
D:4 [   D:5 (


Innate Abilities, Weirdness & Mutations

You revert to your normal form in water.
You are very nimble and swift while swimming.
You are very stealthy in the water. (Stealth+)
You are surrounded by a mild repulsion field. (EV +2)
You have a somewhat thin skeletal structure. (Dex +2, Stealth)
You are resistant to electric shocks. (rElec)


Message History

The wyvern zombie misses you.
You barely miss the wyvern zombie.
The wyvern zombie is severely damaged.
The wyvern zombie bites you!
You barely miss the wyvern zombie.
The wyvern zombie is severely damaged.
You block the wyvern zombie's attack.
A gnoll comes into view.
You barely miss the wyvern zombie.
The wyvern zombie is severely damaged.
The wyvern zombie bites you!
* * * LOW HITPOINT WARNING * * *
The gnoll hits you from afar with a spear.
* * * LOW HITPOINT WARNING * * *
The gnoll shouts!
You hit the wyvern zombie but do no damage.
The wyvern zombie is severely damaged.
The wyvern zombie closely misses you. The wyvern zombie bites you!
You die...
Your body crumbles into a pile of gold.

█....█..................█
█....█..................█
█....█..................█
█....+..................█
█....█ .................█
█+██.█ █............█
█............█
█............█
█....@.......█
+....Z.......█
█....██gg....█ █....
█......█ █.... ......█
█.... ...... █.... .g...
+.... ....


You could see 3 gnolls and a wyvern zombie.

Vanquished Creatures
  The ghost of Malvoorn the Poker, an amateur MfSk (D:4)
  The ghost of Sapher the Ruffian, an amateur VSFi (D:5)
  A sky beast (D:5)
  A howler monkey (D:4)
  A crimson imp (D:5)
  A bullfrog zombie (D:5)
  A bullfrog skeleton (D:4)
  A jelly (D:6)
  3 hounds
  A gnoll shaman (D:4)
  5 orc wizards
  An iguana (D:4)
  4 worker ants
  A howler monkey skeleton (D:4)
  13 adders
  5 gnolls
  2 oozes
  An adder zombie (D:5)
  4 adder skeletons
  4 worms
  A dart slug (D:2)
  6 leopard geckos
  6 orcs
  3 giant cockroaches
  7 goblins
  11 hobgoblins
  8 jackals
  4 ball pythons
  8 bats
  11 frilled lizards
  A jackal skeleton (D:5)
  9 kobolds
  A quokka skeleton (D:4)
  16 rats
  A plant (Sewer)
145 creatures vanquished.

Notes
Turn   | Place    | Note
-------+----------+-------------------------------------------
     0 | D:1      | nht the Merfolk Transmuter began the quest for the Orb.
     0 | D:1      | Reached XP level 1. HP: 15/15 MP: 3/3
    59 | D:1      | Reached XP level 2. HP: 4/21 MP: 5/5
   406 | D:1      | Found a glowing golden altar of the Shining One.
   982 | D:1      | Reached skill level 4 in Unarmed Combat
   982 | D:1      | Reached XP level 3. HP: 25/26 MP: 4/6
  1685 | D:2      | Found an opulent altar of Gozag.
  1730 | D:2      | Became a worshipper of Gozag Ym Sagoz the Greedy
  2016 | D:2      | Reached XP level 4. HP: 17/32 MP: 7/7
  2515 | D:3      | Reached skill level 5 in Unarmed Combat
  2593 | D:3      | Reached XP level 5. HP: 16/37 MP: 8/8
  2616 | D:3      | Learned a level 3 spell: Spider Form
  2695 | D:3      | Found Zin's Purification Station.
  2697 | D:3      | Found a glowing silver altar of Zin.
  2700 | D:3      | Bought a potion of curing for 90 gold pieces
  3029 | D:4      | Reached skill level 5 in Transmutations
  3318 | D:4      | Gained mutation: You are surrounded by a mild repulsion field. (EV +2) [potion of mutation]
  3318 | D:4      | Gained mutation: You have a somewhat thin skeletal structure. (Dex +2, Stealth) [potion of mutation]
  3318 | D:4      | Gained mutation: You are resistant to electric shocks. (rElec) [potion of mutation]
  3328 | D:4      | Reached skill level 6 in Unarmed Combat
  3328 | D:4      | Reached XP level 6. HP: 5/43 MP: 9/9
  3719 | D:4      | Found a shadowy altar of Dithmenos.
  4060 | D:3      | Learned a level 5 spell: Blade Hands
  4237 | D:4      | Reached skill level 7 in Unarmed Combat
  4237 | D:4      | Reached XP level 7. HP: 36/48 MP: 10/10
  4247 | D:4      | Noticed Malvoorn's ghost (amateur MfSk)
  4325 | D:4      | Found Hograwodgh's Armour Shop.
  4333 | D:4      | Bought a +1 pair of boots of flying for 231 gold pieces
  4333 | D:4      | Bought a +0 buckler of poison resistance for 119 gold pieces
  4468 | D:4      | Killed Malvoorn's ghost
  4543 | D:4      | Found a staircase to the Ecumenical Temple.
  4796 | D:5      | Entered Level 5 of the Dungeon
  4796 | D:5      | Found Maclus's Weapon Boutique.
  4808 | D:5      | Reached skill level 8 in Unarmed Combat
  4952 | D:6      | Reached XP level 8. HP: 17/54 MP: 11/11
  5284 | D:5      | Found a glowing drain.
  5296 | Sewer    | Entered a sewer
  5884 | D:5      | Reached skill level 9 in Unarmed Combat
  5922 | D:5      | Noticed Sapher's ghost (amateur VSFi)
  5938 | D:5      | Killed Sapher's ghost
  6403 | D:6      | Slain by a wyvern zombie

Vault maps used:
D:1:      lightli_arrival_statue_moat, serial_forest,
          infiniplex_forest_clump_double, infiniplex_forest_straight_3,
          infiniplex_forest_lined_corner, infiniplex_forest_lined_room_2,
          infiniplex_forest_pool, infiniplex_forest_lined_corner,
          infiniplex_forest_straight_4, infiniplex_forest_corner_1,
          infiniplex_forest_lined_2, tso_altar
D:2:      minmay_diamond_boxcup, first_bread,
          nicolae_gozag_cash_rules_everything_around_me
D:3:      zin_purify
D:4:      lemuel_temple_firewalk_b, serial_shops, nicolae_shop_crystal,
          hangedman_abyss_or_decor_lesser_grid, nicolae_dithmenos_shadow_blocks
D:5:      serial_shops, nicolae_shop_waterfront, portal_sewer_entry_d
Sewer:    sewer_co_scattered_pipes

Skill      XL: |  1  2  3  4  5  6  7  8 |
---------------+-------------------------+-----
Transmutations | 3 4 5 6 7 8 |  8.0
Unarmed Combat | 4 5 6 7 8 9 |  9.7
Fighting       | |  1.1
Dodging        | |  2.6
Spellcasting   | |  2.0

Action                   |  1- 3 |  4- 6 |  7- 9 || total
-------------------------+-------+-------+-------++-------
Melee: Unarmed           |   144 |   210 |   238 ||   592
       Headbutt          |     8 |     7 |     6 ||    21
       Punch             |       |     3 |       ||     3
 Cast: Beastly Appendage |    18 |    12 |     2 ||    32
       Spider Form       |       |     1 |     6 ||     7
Invok: Potion Petition   |       |     1 |       ||     1
  Use: Potion            |       |    10 |       ||    10
       Scroll            |       |       |    11 ||    11
 Stab: Sleeping          |     1 |     4 |     5 ||    10
       Distracted        |       |     2 |       ||     2
  Eat: Chunk             |     4 |       |       ||     4
       Fruit             |       |     2 |       ||     2
       Meat ration       |       |     1 |       ||     1
       Bread ration      |       |       |     2 ||     2
Armor: Robe              |    21 |    26 |    34 ||    81
       Skin              |       |     1 |     4 ||     5
Dodge: Dodged            |   113 |   147 |   161 ||   421
Block: Buckler           |       |       |    26 ||    26
